 Dungeon Crawl Stone Soup version 0.29.1-15-g9cfb28693d (webtiles) character file.

Game seed: 2026604734001069686

256 Peloso the Slasher (level 5, -2/47 HPs)
             Began as a Minotaur Fighter on Mar 5, 2023.
             Slain by an ogre
             ... wielding a +0 giant club
              (28 damage)
             ... on level 4 of the Dungeon.
             The game lasted 00:11:56 (3904 turns).

Peloso the Slasher (Minotaur Fighter)               Turns: 3904, Time: 00:11:56

Health: -2/47      AC: 11    Str: 21    XL:     5   Next: 92%
Magic:  4/4        EV:  9    Int:  5    God:
Gold:   422        SH:  4    Dex: 11    Spells: 4/4 levels left

rFire   . . .      SeeInvis .   a - +1 long sword
rCold   . . .      Faith    .   d - +0 buckler
rNeg    . . .      Spirit   .   q - +0 scale mail
rPois   .          Reflect  .   (helmet restricted)
rElec   .          Harm     .   f - +2 cloak
rCorr   .          Rampage  .   A - +0 pair of gloves
Will    .....                   (no boots)
Stlth   ..........              u - amulet of the acrobat
HPRegen 0.15/turn               t - +4 ring of slaying
MPRegen 0.09/turn               (no ring)

@: no status effects
A: horns 2, retaliatory headbutt
a: no special abilities


You were on level 4 of the Dungeon.
You visited 1 branch of the dungeon, and saw 6 of its levels.
You also visited: Ossuary.

You collected 422 gold pieces.

Inventory:

Hand Weapons
 a - a +1 long sword (weapon)
 b - a +2 dagger of flaming
Armour
 c - a +1 helmet
 d - a +0 buckler (worn)
 f - a +2 cloak (worn)
 q - a +0 scale mail (worn)
 A - a +0 pair of gloves (worn)
Jewellery
 t - a +4 ring of slaying (left hand)
 u - an amulet of the acrobat (around neck)
Wands
 v - a wand of flame (30)
 w - a wand of digging (5)
Scrolls
 g - a scroll of butterflies {unknown}
 i - a scroll of immolation
 j - a scroll of noise {unknown}
 l - a scroll of poison
 s - a scroll of magic mapping
 y - a scroll of teleportation
Potions
 e - 2 potions of might
 h - 4 potions of curing
 o - 2 potions of brilliance
 r - 2 potions of mutation
 x - 2 potions of invisibility
 z - 4 potions of haste {unknown}
 B - a potion of resistance {unknown}
 C - a potion of flight {unknown}


   Skills:
 + Level 4.9 Fighting
 + Level 5.0 Long Blades
 + Level 4.7 Armour
 + Level 1.5 Dodging
 + Level 4.3 Shields


You had 4 spell levels left.
You didn't know any spells.
Your spell library was empty.

Dungeon Overview and Level Annotations

Branches:
Dungeon (6/15)            Ossuary (visited)
 Temple: D:4-7

Altars:
Ashenzari
Elyvilon
Gozag
Hepliaklqana

Annotations:
D:3 Flight


Innate Abilities, Weirdness & Mutations

You have a pair of horns on your head.
You reflexively headbutt those who attack you in melee.


Message History

The ball python attacks as you move away!
The ball python closely misses you. The ball python completely misses you.
The orc barely misses you. The orc attacks as you move away!
You block the orc's attack. The ball python completely misses you.
You furiously retaliate!
You headbutt the ball python. The ball python completely misses you.
The orc closely misses you. You furiously retaliate!
You headbutt the orc.
The ball python attacks as you move away!
You block the ball python's attack. The ball python barely misses you.
The orc hits you with a +0 short sword.
There is a stone staircase leading up, spattered with blood here.
The ball python closely misses you. The ball python grabs you.
You stop ascending the stairs.
The ball python constricts you. The orc hits you but does no damage. x2
The orc hits you from afar with a +0 trident.
Unknown command.
The ball python's grasp on you weakens, but your attempt to escape fails.
The ball python bites you. The ball python constricts you.
You block the orc's attack.
The orc hits you from afar with a +0 trident.
Unknown command.
Unknown command.
You escape the ball python's grasp.
The ball python bites you but does no damage.
The ball python grabs you.
You stop ascending the stairs.
The ball python constricts you. The orc hits you but does no damage.
The orc hits you with a +0 short sword. The orc hits you but does no damage.
The orc hits you from afar with a +0 trident.
Unknown command.
You escape the ball python's grasp.
The orc attacks as you move away! The orc hits you with a +0 short sword.
The orc hits you but does no damage. You block the orc's attack.
The ogre misses you. The ogre attacks as you move away!
The ogre completely misses you.
You hit the ball python.
You kill the ball python!
You slash the ogre! Your headbutt misses the ogre.
The ogre is heavily wounded.
The ogre hits you with a +0 giant club!!
Ouch! That really hurt!
You die...

#.###.#..# #.#.#.#.#....'
#.# #.#..# #.###.###..(.#
###.###.#..###............#
#.'.....#.....#.##..#######
#.#####'#..........##
#.#####.##....######
#.......##....#
#######.##.#### #.##@#
#.##O#########
#.#ooo.......#
#.#ooo.......#
#.#..........#
#.#.<........#
#.#..........#
#.#.............
#.#.............


You could see an ogre and 6 orcs.

Vanquished Creatures
  Natasha (D:2)
  8 mummies (Ossuary)
  3 adders
  A shadow imp (D:5)
  2 orcs (D:3)
  7 endoplasms
  3 giant cockroaches
  2 gnoll zombies (Ossuary)
  10 goblins
  7 hobgoblins
  13 jackals
  2 quokkas
  5 ball pythons
  7 bats
  4 frilled lizards
  6 kobolds
  2 kobold zombies (Ossuary)
  4 orc zombies (Ossuary)
  A quokka zombie (D:4)
  7 rats
  A rat zombie (D:4)
96 creatures vanquished.

Vanquished Creatures (others)
  A plant (D:3)
1 creature vanquished.

Grand Total: 97 creatures vanquished

Notes
Turn   | Place    | Note
-------+----------+-------------------------------------------
     0 | D:1      | Peloso the Minotaur Fighter began the quest for the Orb.
     0 | D:1      | Reached XP level 1. HP: 19/19 MP: 0/0
   171 | D:1      | Reached XP level 2. HP: 27/27 MP: 1/1
   343 | D:1      | Reached skill level 3 in Long Blades
   467 | D:1      | Reached XP level 3. HP: 28/33 MP: 2/2
  1356 | D:2      | Reached XP level 4. HP: 40/40 MP: 3/3
  1423 | D:2      | Reached skill level 1 in Dodging
  1426 | D:2      | Identified the +2 spear of Lies {vorpal, rElec rN++ Will+
                  | Str-3}
  1541 | D:2      | Noticed Natasha
  1554 | D:2      | Killed Natasha
  1595 | D:2      | Found a faded altar of an unknown god.
  1873 | D:3      | Found a white marble altar of Elyvilon.
  1990 | D:3      | You fall into a shaft and drop 3 floors!
  2019 | D:5      | Entered Level 5 of the Dungeon
  2037 | D:5      | Reached skill level 4 in Long Blades
  2178 | D:4      | Found a broken altar of Ashenzari.
  2192 | D:4      | Found a sand-covered staircase.
  2212 | Ossuary  | Entered an ossuary
  2288 | Ossuary  | Reached XP level 5. HP: 42/47 MP: 4/4
  3038 | D:3      | Reached skill level 5 in Long Blades
  3357 | D:3      | Found a hazy altar of Hepliaklqana.
  3368 | D:3      | Found an opulent altar of Gozag.
  3887 | D:4      | Noticed an ogre
  3904 | D:4      | Slain by an ogre

Illustrated notes

Levels and vault maps discovered:
D:1:      dpeg_arrival_morbid_curiosity, layout_rooms, nicolae_eternal_life,
          skrybe_limestone_x, minmay_misc_feat_tower, minmay_tetromino_o4
D:2:      layout_loops_cross, shapermc_ecumenical_altar_acropolis,
          chequers_garden, uniq_natasha
D:3:      layout_basic, mainiacjoe_overflow_alcove_4, nicolae_overflow_squiral,
          serial_rivers, chequers_serial_rivers_small_3,
          chequers_serial_rivers_small_3, chequers_serial_rivers_large_b,
          chequers_serial_rivers_micro_e, chequers_serial_rivers_small_b,
          bh_walls_and_bars
D:4:      layout_basic, ashenzari_altar_1, nicolae_ru_sacrificial_ziggurat,
          serial_shops, kennysheep_little_box, enter_ossuary_4,
          minmay_misc_feat_encased
D:5:      layout_loops_ring, mainiacjoe_overflow_cross_hatched, trog_book,
          minmay_temple_entry_proselytizer, serial_shops, shop
D:6:      layout_loops_ring, grunt_qazlal_clouds

Skill      XL: |  1  2  3  4  5 |
---------------+----------------+-----
Armour         | 4 |  4.7
Shields        | 4 |  4.3
Fighting       | 4 |  4.9
Long Blades    | 3 4 5 |  5.0
Dodging        | 1 |  1.5

Action                   |  1- 3 |  4- 6 || total
-------------------------+-------+-------++-------
Melee: Long sword        |   113 |    98 ||   211
       Headbutt          |     8 |    17 ||    25
  Use: Scroll            |       |    13 ||    13
Armor: Scale mail        |    73 |    39 ||   112
Dodge: Dodged            |    60 |    47 ||   107
Block: Buckler           |    32 |    25 ||    57
